 Dungeon Crawl Stone Soup version 0.24.0-10-g970556be89 (webtiles) character file.

Game seed: 13883760605412053175, levelgen mode: deterministic

7826 Sphyrna the Geomancer (level 11, 0/67 HPs)
             Began as a Gargoyle Earth Elementalist on Nov 4, 2019.
             Was an Elder of Okawaru.
             Slain by a manticore (9 damage)
             ... on level 9 of the Dungeon.
             The game lasted 01:13:07 (15310 turns).

Sphyrna the Geomancer (GrEE)                       Turns: 15310, Time: 01:13:08

Health: 0/67       AC: 16    Str: 12    XL:     11   Next: 21%
Magic:  19/20      EV: 11    Int: 19    God:    Okawaru [****..]
Gold:   602        SH:  4    Dex: 10    Spells: 13/22 levels left

rFire    . . .     SeeInvis .   a - +1 rapier (elec)
rCold    . . .     Gourm    .   k - +0 buckler
rNeg     + . .     Faith    .   v - +3 leather armour {MR+}
rPois    ∞         Spirit   .   i - +0 helmet
rElec    +         Reflect  .   (no cloak)
rCorr    .         Harm     .   (no gloves)
MR       ++...                  (no boots)
Stlth    +++.......             (no amulet)
HPRegen  0.21/turn              G - ring of stealth
MPRegen  0.17/turn              l - ring of protection from magic

@: no status effects
A: negative energy resistance 1, electricity resistance, unbreathing,
petrification resistance, rot immunity, AC +8
a: Heroism, Renounce Religion


You were on level 9 of the Dungeon.
You worshipped Okawaru.
Okawaru was greatly pleased with you.
You were not hungry.

You visited 2 branches of the dungeon, and saw 10 of its levels.
You also visited: Ossuary.

You collected 602 gold pieces.

Inventory:

Hand Weapons
 a - a +1 rapier of electrocution (weapon)
   (You took it off Duvessa on level 5 of the Dungeon)
 b - the +4 hunting sling of Fate {speed, rF+ Str+4}
   (You found it on level 9 of the Dungeon)

   Attacks with this weapon are significantly faster.
   It affects your strength (+4).
   It protects you from fire.
 D - the +3 dagger "Rarodau" {freeze, rElec rN+ MR+++ Int-5}
   (You found it on level 8 of the Dungeon)

   It has been specially enchanted to freeze those struck by it, causing extra
   injury to most foes and up to half again as much damage against particularly
   susceptible opponents.
   It can also slow down cold-blooded creatures.
   It affects your intelligence (-5).
   It insulates you from electricity.
   It protects you from negative energy.
   It affects your resistance to hostile enchantments.
Missiles
 s - 4 throwing nets {!f}
 w - 48 sling bullets
 J - 162 stones (quivered)
Armour
 i - a +0 helmet (worn)
   (You took it off Robin on level 3 of the Dungeon)
 k - a +0 buckler (worn)
   (You found it on level 2 of the Dungeon)
 v - a +3 leather armour of magic resistance (worn)
   (You took it off Duvessa on level 5 of the Dungeon)
 x - a +0 cloak
   (You took it off Crazy Yiuf on level 6 of the Dungeon)
 y - a +0 scale mail
   (You took it off an orc on level 7 of the Dungeon)
Magical Staves
 I - an uncursed staff of air
   (You found it on level 9 of the Dungeon)
Jewellery
 l - a ring of protection from magic (right hand)
   (You found it on level 7 of the Dungeon)
 A - an uncursed ring of flight
   (You found it on level 7 of the Dungeon)
 G - a ring of stealth (left hand)
   (You took it off a kobold demonologist on level 9 of the Dungeon)
 H - the ring "Ityqash" {rF+ MR+, unknown}
   (You found it on level 9 of the Dungeon)

   [ring of protection from fire]

   It protects you from fire.
   It affects your resistance to hostile enchantments.
Wands
 t - a wand of flame (22)
   (You found it on level 7 of the Dungeon)
Scrolls
 c - a scroll of holy word {unknown}
 d - 6 scrolls of remove curse {@r2}
 g - 2 scrolls of random uselessness {unknown}
 h - 3 scrolls of blinking
 j - 5 scrolls of identify {@r1}
 n - a scroll of fog {unknown}
 p - 5 scrolls of teleportation {@r4}
 u - a scroll of noise {unknown}
 z - 2 scrolls of immolation {!r}
 F - a scroll of fear {unknown}
Potions
 f - a potion of brilliance
 m - a potion of ambrosia {unknown}
 o - 6 potions of curing {@q1}
 q - 3 potions of haste {@q3}
 r - 2 potions of agility {unknown}
 B - a potion of mutation {!q}
 C - 2 potions of heal wounds {unknown}
 E - a potion of lignification {unknown}
Comestibles
 e - 11 rations {!d}
 K - 3 chunks of flesh


   Skills:
 + Level 7.0 Fighting
 + Level 4.2 Short Blades
 + Level 0.3 Slings
 + Level 6.0 Armour
 - Level 1.5 Dodging
 - Level 2.1 Stealth
 - Level 4.0 Shields
 + Level 6.3 Spellcasting
 - Level 6.0 Conjurations
   Level 0.7 Transmutations
 * Level 11.6 Earth Magic
 + Level 2.7 Evocations


You had 13 spell levels left.
You knew the following spells:

 Your Spells              Type           Power        Failure   Level  Hunger
a - Sandblast             Erth           ######       1%          1    None
b - Stone Arrow           Conj/Erth      #####.       1%          3    ##.....
c - Lee's Rapid Deconstr  Erth           ######....   3%          5    #####..

Your spell library contained the following spells:

 Spells                   Type           Power        Failure   Level  Hunger
 Passwall                 Tmut/Erth      ####....     1%          2    None
 Petrify                  Tmut/Erth      ####....     11%         4    ####...
 Confusing Touch          Hex            #.....       13%         1    None
 Confuse                  Hex            #.......     36%         3    ##.....
 Gell's Gravitas          Tloc           #.........   36%         3    ##.....
 Inner Flame              Hex/Fire       #.......     36%         3    ##.....
 Tukima's Dance           Hex            #.......     36%         3    ##.....
 Fulminant Prism          Conj/Hex       ###.......   36%         4    ####...
 Yara's Violent Unravell  Hex/Tmut       #.........   97%         5    #####..
 Metabolic Englaciation   Hex/Ice        #.........   98%         5    #####..


Dungeon Overview and Level Annotations

Branches:
Dungeon (9/15)             Temple (1/1) D:5            Lair (0/6) D:8
    Orc (0/2) D:9         Ossuary (visited)

Altars:
Ashenzari
Cheibriados
Dithmenos
Elyvilon
Fedhas
Gozag
Hepliaklqana
Kikubaaqudgha
Makhleb
Nemelex Xobeh
Okawaru
Qazlal
Sif Muna
Trog
Uskayaw
Vehumet
Wu Jian
Xom
Yredelemnul
Zin
The Shining One

Shops:
D:8 %   D:9 (


Innate Abilities, Weirdness & Mutations

You are resistant to torment.
Your stone body is resilient. (AC +8)
You are immune to poison.
You resist negative energy. (rN+)
You are resistant to electric shocks. (rElec)
You can survive without breathing.
You are immune to petrification.
You are immune to rotting.


Message History

There is something else lying underneath.
The floor, spattered with blood.
Aim: a wyvern The blast of sand hits the wyvern!!
J - 164 stones You block the wyvern's attack.
Aim: a wyvern (severely wounded)
The blast of sand hits the wyvern!!
You kill the wyvern!
Okawaru accepts your kill.
J - 163 stones
Items here: ( ))) † a +0 giant spiked club; a +0 shortbow; a +0 giant club; 11 arrows an ogre corpse You butcher the ogre corpse.
K - 5 chunks of flesh
Items here: ( ))) ÷ a +0 giant spiked club; a +0 shortbow; a +0 giant club; 11 arrows an ogre skeleton You start resting.
Eating one of 5 chunks of flesh.
You eat one of the 5 chunks of flesh.
You are feeling hungry.
Eating one of 4 chunks of flesh.
You eat one of the 4 chunks of flesh.
You start resting.
A manticore comes into view.
You hit the manticore but do no damage. The manticore bites you.
The manticore claws you. x2
You barely miss the manticore. You block the manticore's attack.
The manticore completely misses you. The manticore closely misses you.
You barely miss the manticore. The manticore closely misses you. x2
The manticore claws you.
You barely miss the manticore.
The manticore bites you but does no damage.
The manticore claws you but does no damage. x2
You hit the manticore. The manticore bites you!
* * * LOW HITPOINT WARNING * * *
The manticore claws you.
* * * LOW HITPOINT WARNING * * *
The manticore barely misses you.
Here: a manticore (lightly wounded)
The floor.
Aim: a manticore (lightly wounded)
The blast of sand hits the manticore!!
J - 162 stones The manticore bites you!
* * * LOW HITPOINT WARNING * * *
The manticore claws you.
* * * LOW HITPOINT WARNING * * *
The manticore claws you!
You die...

.###.#.............
.#}#..............#.#
..##.#............#.#
.......#.........##.#
..##.#.##.......##..#
.#)#..####.....##..###.#
.###.###.....###.......#
....###.#.#.##..H......#
.#.###.#.#.#.##.@#####..
.####.#)#†#.#.##)#
...#.#.#.#.#.#.#.#
#####.#.#.#.#.##.################
>....#.#.#.#.#...................
.^.##.#.#.#.#.##.................
...#.#)#.#.#.#.#..###############
#####.#.#.#.#.##..# #
#..##.#.#.#.##...# #


You could see a manticore.

Vanquished Creatures
  A manticore (D:9)
  A kobold demonologist (D:9)
  Prince Ribbit (D:4)
  A merfolk (D:9)
  A slime creature (D:9)
  A wyvern (D:9)
  6 yaks
  A hungry ghost (D:8)
  A basilisk (D:8)
  Menkaure (D:4)
  Edmund (D:4)
  An acid dragon (D:9)
  3 porcupines
  Duvessa (D:5)
  4 orc warriors
  A sky beast (D:7)
  A phantom (D:7)
  3 black bears
  An ice beast (D:8)
  A necrophage (D:9)
  6 ogres
  2 centaurs
  4 crocodiles
  A big kobold (D:9)
  8 bullfrogs
  Dowan (D:5)
  3 scorpions
  4 wights (D:8)
  4 howler monkeys
  5 crimson imps
  3 orc wizards
  4 centaur zombies (Ossuary)
  5 hounds
  2 jellies
  Crazy Yiuf (D:6)
  4 orc priests
  A bullfrog skeleton (D:8)
  Jessica (D:3)
  2 iguanas
  8 worker ants
  2 hound zombies
  5 mummies (Ossuary)
  2 worker ant zombies
  Robin (D:3)
  19 adders
  7 gnolls
  A shadow imp (D:9)
  2 adder skeletons
  5 worms
  A dart slug (D:2)
  6 leopard geckos
  44 orcs
  10 bats
  6 giant cockroaches
  18 goblins
  7 hobgoblins
  4 jackals (D:4)
  9 kobolds
  6 quokkas
  2 ball pythons
  3 frilled lizards
  3 hobgoblin zombies (Ossuary)
  A leopard gecko skeleton (D:3)
  A quokka zombie (D:5)
  7 rats
273 creatures vanquished.

Vanquished Creatures (others)
  2 bushes (D:8)
  4 fungi (D:8)
  13 plants (D:8)
19 creatures vanquished.

Grand Total: 292 creatures vanquished

Notes
Turn   | Place    | Note
-------+----------+-------------------------------------------
     0 | D:1      | Sphyrna the Gargoyle Earth Elementalist began the quest for
                  | the Orb.
     0 | D:1      | Reached XP level 1. HP: 10/10 MP: 3/3
   541 | D:1      | Reached skill level 4 in Earth Magic
   541 | D:1      | Reached XP level 2. HP: 15/16 MP: 5/5
   798 | D:1      | Reached skill level 1 in Fighting
  1084 | D:1      | Reached XP level 3. HP: 12/20 MP: 6/6
  1089 | D:1      | Learned a level 3 spell: Stone Arrow
  1751 | D:1      | Reached skill level 1 in Conjurations
  2047 | D:2      | Reached XP level 4. HP: 6/25 MP: 2/7
  2400 | D:2      | Found a basalt altar of Yredelemnul.
  2845 | D:2      | Reached skill level 5 in Earth Magic
  3200 | D:3      | Noticed Robin
  3282 | D:2      | Reached XP level 5. HP: 30/30 MP: 7/9
  3365 | D:2      | Learned a level 5 spell: Lee's Rapid Deconstruction
  3641 | D:3      | Killed Robin
  3819 | D:3      | You fall into a shaft and drop 1 floor!
  4026 | D:4      | Found a shadowy altar of Dithmenos.
  4035 | D:4      | Found a radiant altar of Vehumet.
  4042 | D:4      | Found a white marble altar of Elyvilon.
  4272 | D:4      | Found an ornate altar of the Wu Jian Council.
  4435 | D:3      | Reached XP level 6. HP: 29/35 MP: 7/10
  5170 | D:3      | Found a shimmering altar of Xom.
  5436 | D:3      | Reached skill level 6 in Earth Magic
  5725 | D:4      | Reached XP level 7. HP: 34/40 MP: 11/11
  6104 | D:4      | Found a stormy altar of Qazlal.
  6687 | D:5      | Entered Level 5 of the Dungeon
  6787 | D:4      | Reached skill level 1 in Armour
  6787 | D:4      | Reached skill level 1 in Shields
  6787 | D:4      | Reached skill level 7 in Earth Magic
  7022 | D:5      | Noticed Dowan
  7098 | D:5      | Reached XP level 8. HP: 30/46 MP: 10/13
  7481 | D:5      | Noticed Prince Ribbit
  7497 | D:4      | Killed Prince Ribbit
  7497 | D:4      | Reached skill level 5 in Conjurations
  7577 | D:5      | Noticed Edmund
  7596 | D:4      | Killed Edmund
  7809 | D:5      | Reached skill level 8 in Earth Magic
  7954 | D:5      | Found a staircase to the Ecumenical Temple.
  8130 | D:5      | Noticed Duvessa
  8142 | Temple   | Entered the Ecumenical Temple
  8347 | Temple   | Became a worshipper of Warmaster Okawaru
  8682 | D:5      | Noticed Menkaure
  8825 | D:4      | Killed Menkaure
  8825 | D:4      | Reached XP level 9. HP: 28/52 MP: 10/15
  9004 | D:5      | Killed Duvessa
  9132 | D:5      | Killed Dowan
  9736 | D:6      | Found a sand-covered staircase.
  9743 | Ossuary  | Entered an ossuary
  9753 | Ossuary  | Reached * piety under Okawaru
  9973 | Ossuary  | Reached skill level 1 in Short Blades
  9993 | Ossuary  | Reached skill level 9 in Earth Magic
 10479 | D:6      | Reached skill level 5 in Fighting
 10794 | D:6      | Found a runed translucent door.
 10795 | D:6      | Noticed Crazy Yiuf
 10804 | D:6      | Killed Crazy Yiuf
 11010 | D:7      | Reached ** piety under Okawaru
 11030 | D:7      | You fall into a shaft and drop 1 floor!
 11030 | D:8      | Found a staircase to the Lair.
 11049 | D:8      | Reached skill level 5 in Spellcasting
 11375 | D:6      | Reached skill level 10 in Earth Magic
 11375 | D:6      | Reached XP level 10. HP: 26/59 MP: 14/17
 12393 | D:8      | Got a crude dagger
 12397 | D:8      | Identified the +3 dagger "Rarodau" {freeze, rElec rN+ MR+++
                  | Int-5} (You found it on level 8 of the Dungeon)
 12443 | D:8      | Found Beffemom's Food Shop.
 12481 | D:8      | Reached *** piety under Okawaru
 12496 | D:8      | Reached skill level 5 in Armour
 12731 | D:7      | Reached skill level 1 in Evocations
 13272 | D:8      | Reached skill level 11 in Earth Magic
 13602 | D:8      | Reached **** piety under Okawaru
 13836 | D:9      | Noticed a manticore
 13846 | D:9      | Killed a manticore
 13909 | D:9      | Noticed a kobold demonologist
 13941 | D:9      | Killed a kobold demonologist
 13941 | D:9      | Reached XP level 11. HP: 66/66 MP: 20/20
 13962 | D:9      | Identified the Collected Works on Execration
 13984 | D:9      | Got a crude turquoise ring
 14364 | D:9      | Found a staircase to the Orcish Mines.
 14388 | D:9      | Found Naihai's Weapon Shoppe.
 14659 | D:9      | Got a fine hunting sling
 14660 | D:9      | Identified the +4 hunting sling of Fate {speed, rF+ Str+4}
                  | (You found it on level 9 of the Dungeon)
 14973 | D:3      | Noticed Jessica
 14983 | D:3      | Killed Jessica
 15303 | D:9      | Noticed a manticore
 15310 | D:9      | Slain by a manticore

Levels and vault maps discovered:
D:1:      ncdulo_wetmaze, layout_loops_corners, lemuel_old_faithful
D:2:      layout_loops_ring, yredelemnul_altar_generic
D:3:      layout_basic, led_xom_imps, first_ration, grunt_ministairs_9,
          uniq_robin, uniq_jessica
D:4:      layout_loops_cross, nicolae_overflow_crystal_walls,
          nicolae_qazlal_eye_of_the_storm, grunt_temple_overflow_diamond,
          minmay_misc_feat_doors
D:5:      layout_loops_ring, minmay_temple_entry_proselytizer, uniq_duvessa,
          uniq_menkaure, uniq_edmund, uniq_prince_ribbit1
D:6:      layout_loops_ring, nicolae_ossuary_entry_monument,
          uniq_crazy_yiuf_cottage
D:7:      layout_gridville, grunt_decor_fettered
D:8:      layout_loops_ring, minmay_lair_entry_grove, serial_shops, shop
D:9:      minmay_the_grid_octo_triangle [minmay_the_grid_octo_empty,
          minmay_the_grid_octo_prize_square_snowflake,
          minmay_the_grid_octo_checkered], layout_long_grid,
          nicolae_ru_the_path_less_chosen, orc_david_3, hangedman_fish_farm,
          minmay_bent
Temple:   eino_temple_water

Skill      XL: |  1  2  3  4  5  6  7  8  9 10 11 |
---------------+----------------------------------+-----
Earth Magic    | 4 5 6 7 8 10 11 | 11.6
Fighting       | 1 2 3 4 5 6 7 |  7.0
Conjurations   | 1 2 3 4 6 |  6.0
Spellcasting   | 3 4 5 6 |  6.3
Armour         | 1 2 4 5 6 |  6.0
Shields        | 1 2 4 |  4.0
Short Blades   | 2 3 4 |  4.2
Evocations     | 2 |  2.7
Slings         | |  0.3
Dodging        | |  1.5
Stealth        | |  2.1
Transmutations | |  0.7

Action                   |  1- 3 |  4- 6 |  7- 9 | 10-12 || total
-------------------------+-------+-------+-------+-------++-------
Melee: Dagger            |   193 |   367 |   396 |       ||   956
       Unarmed           |    21 |       |       |       ||    21
       Rapier            |       |       |   142 |   331 ||   473
 Fire: Hunting sling     |       |       |       |    10 ||    10
 Cast: Sandblast         |     9 |    44 |    49 |    25 ||   127
       Stone Arrow       |       |       |    24 |    15 ||    39
Invok: Heroism           |       |       |       |     1 ||     1
  Use: Scroll            |       |       |    10 |       ||    10
 Stab: Sleeping          |     2 |     1 |     6 |       ||     9
       Distracted        |       |       |       |     2 ||     2
  Eat: Chunk             |     4 |    12 |    17 |    14 ||    47
       Ration            |       |       |     1 |       ||     1
Armor: Robe              |    87 |   149 |    20 |       ||   256
       Ring mail         |       |       |   145 |       ||   145
       Leather armour    |       |       |    72 |   170 ||   242
Dodge: Dodged            |   155 |   232 |   251 |   157 ||   795
Block: Buckler           |       |       |    87 |    65 ||   152
